 Dungeon Crawl Stone Soup version 0.31-a0-986-g5e6e4ef867 (webtiles) character file.

Game seed: 13549313419077624958

268 strifetoe the Magician (level 6, -8/40 HPs)
             Began as a Djinni Ice Elementalist on Nov 10, 2023.
             Mangled by a mummy (10 damage)
             ... in an ossuary.
             The game lasted 00:04:37 (2546 turns).

strifetoe the Magician (Djinni Ice Elementalist)    Turns: 2546, Time: 00:04:38

Health: -8/40      AC:  2    Str:  7    XL:     6   Next: 45%
Gold:   71         EV: 12    Int: 18    God:
                   SH:  0    Dex: 14

rFire   + + .        c - +1 hand axe (flame)
rCold   x . .        (no shield)
rNeg    . . .        a - +0 robe
rPois   ∞            (no helmet)
rElec   .            (no cloak)
rCorr   .            (no gloves)
SInv    .            (boots unavailable)
Will    +....        (no amulet)
Stlth   ++           (no ring)
HPRegen 0.26/turn    (no ring)
MPRegen 0.00/turn

%: infuse magic (-9 HP)
@: enlightened, flying, invisible
A: sickness immunity, fire resistance 2, cold vulnerability 1, float, innate
caster, HP casting, extra vitality 1
a: no special abilities


You were in an ossuary.
You visited 2 branches of the dungeon, and saw 4 of its levels.
You also visited: Ossuary.

You collected 71 gold pieces.

Inventory:

Hand Weapons
 c - a +1 hand axe of flaming (weapon)
 d - a +0 dagger
Armour
 a - a +0 robe (worn)
Scrolls
 e - a scroll of teleportation {unknown}
 f - 3 scrolls of identify {unknown}
 h - a scroll of poison {unknown}
 i - 2 scrolls of enchant armour {unknown}
 j - 2 scrolls of fear {unknown}
 k - a scroll of enchant weapon {unknown}
 r - 2 scrolls of immolation {unknown}
 s - a scroll of blinking {unknown}
Potions
 b - 2 potions of enlightenment
 g - 2 potions of heal wounds {unknown}
 l - a potion of magic {unknown}
 m - 2 potions of invisibility
 n - a potion of might {unknown}
 o - 2 potions of brilliance {unknown}
 p - a potion of curing {unknown}
 q - a potion of attraction {unknown}


   Skills:
 - Level 2.1 Dodging
 - Level 1.5 Stealth
 + Level 5.6 Spellcasting
 + Level 5.6 Conjurations
 + Level 5.6 Hexes
   Level 0.0 Charms
 + Level 5.6 Summonings
 + Level 5.6 Necromancy
 + Level 5.6 Translocations
 + Level 5.6 Transmutations
 + Level 5.6 Fire Magic
 + Level 5.6 Ice Magic
 + Level 5.6 Air Magic
 + Level 5.6 Earth Magic
 + Level 5.6 Poison Magic


You knew the following spells:

 Your Spells              Type           Power      Damage    Failure   Level
a - Freeze                Ice            100%       1d10      1%          1
b - Frozen Ramparts       Ice            50%        1d8       3%          3
c - Ozocubu's Armour      Ice            25%        N/A       3%          3
d - Summon Ice Beast      Ice/Summ       25%        N/A       12%         4
e - Apportation           Tloc           50%        N/A       1%          1
f - Searing Ray           Conj           50%        2d6       1%          2
Your spell library was empty.

Dungeon Overview and Level Annotations

Branches:
Dungeon (4/15)             Temple (1/1) D:4         Ossuary (1/1)

Altars:
Cheibriados
Elyvilon
Fedhas
Gozag
Okawaru
Qazlal
Ru
Uskayaw
Wu Jian
Xom
Yredelemnul


Innate Abilities, Weirdness & Mutations

You are immune to sickness and miasma.
You are immune to poison.
Your flesh is very heat resistant. (rF++)
You are vulnerable to cold. (rC-)
You float through the air rather than walking.
You learn spells naturally, not from books.
Your magical power is your life essence.
You have superior vitality. (+4 MHP)


Message History

You are too injured to fight recklessly!
Unknown command.
Casting: Searing Ray (safe; 1% risk of failure)
Confirm with . or Enter, or press ? or * to list all spells.
Aiming: Freeze (safe; 1% risk of failure)
Press: ? - help, Shift-Dir - straight line, f - mummy
Aim: a mummy You freeze the mummy.
The mummy resists.
The mummy is moderately damaged.
* * * LOW HITPOINT WARNING * * *
Unknown command.
Casting: Freeze (safe; 1% risk of failure)
Confirm with . or Enter, or press ? or * to list all spells.
Aiming: Freeze (safe; 1% risk of failure)
Press: ? - help, Shift-Dir - straight line, f/p - mummy
Aim: a mummy (moderately damaged)
You freeze the mummy.
The mummy resists.
The mummy is moderately damaged.
* * * LOW HITPOINT WARNING * * *
The mummy closely misses you.
Casting: Freeze (safe; 1% risk of failure)
Confirm with . or Enter, or press ? or * to list all spells.
Aiming: Freeze (safe; 1% risk of failure)
Press: ? - help, Shift-Dir - straight line, f/p - mummy
Aim: a mummy (moderately damaged)
You freeze the mummy.
The mummy resists.
The mummy is heavily damaged.
* * * LOW HITPOINT WARNING * * *
The mummy hits you.
* * * LOW HITPOINT WARNING * * *
Casting: Freeze (safe; 1% risk of failure)
Confirm with . or Enter, or press ? or * to list all spells.
You don't have enough health to cast this spell.
Unknown command.
It was a potion of enlightenment.
You feel more buoyant.
It was a potion of invisibility.
You fade into invisibility!
The mummy hits you!
You die...

##.## ###...#
##.'...+
##..#...#
#..###+## ##.##
#+# #..# ##.##
#.## ###...###
..# ##.'...@M#
#.# ##..#...###
#'###+##+..###.##
#.##...#..## #+#
#..'...+.'##
####...###.##
##'## ##.## #.#
###.#+# #.##
#.##'.##


You could see a mummy (unable to see you).

Vanquished Creatures
  An ogre (D:4)
  9 mummies (Ossuary)
  2 worms
  A dart slug (D:1)
  5 ball pythons
  6 bats
  6 endoplasms
  3 giant cockroaches (D:1)
  4 goblins
  3 hobgoblins
  2 jackals (D:4)
  A kobold (D:1)
  3 quokkas
  3 frilled lizards
  2 gnoll skeletons (Ossuary)
  2 goblin skeletons (Ossuary)
  A kobold skeleton (Ossuary)
  2 orc skeletons (Ossuary)
  3 rats (D:1)
  11 rat skeletons (Ossuary)
70 creatures vanquished.

Notes
Turn   | Place    | Note
-------+----------+-------------------------------------------
     0 | D:1      | strifetoe the Djinni Ice Elementalist began the quest for
                  | the Orb.
     0 | D:1      | strifetoe set off with the following spells memorised:
                  | Freeze, Frozen Ramparts, Ozocubu's Armour, Summon Ice
                  | Beast.
     0 | D:1      | Reached XP level 1. HP: 15/15 MP: 0/0
    98 | D:1      | Reached XP level 2. HP: 17/21 MP: 0/0
   444 | D:1      | Reached XP level 3. HP: 21/25 MP: 0/0
   444 | D:1      | Learned a level 1 spell: Apportation
  1509 | D:2      | You are sucked into a shaft and drop 2 floors!
  1570 | D:4      | Found a staircase to the Ecumenical Temple.
  1581 | D:4      | Reached XP level 4. HP: 30/31 MP: 0/0
  1592 | Temple   | Entered the Ecumenical Temple
  1640 | D:4      | Noticed an ogre
  1665 | D:4      | Found a sand-covered staircase.
  1675 | D:4      | Killed an ogre
  1676 | D:4      | Reached skill level 5 in Spellcasting
  1676 | D:4      | Reached skill level 5 in Conjurations
  1676 | D:4      | Reached skill level 5 in Hexes
  1676 | D:4      | Reached skill level 5 in Summonings
  1676 | D:4      | Reached skill level 5 in Necromancy
  1676 | D:4      | Reached skill level 5 in Translocations
  1676 | D:4      | Reached skill level 5 in Transmutations
  1676 | D:4      | Reached skill level 5 in Fire Magic
  1676 | D:4      | Reached skill level 5 in Ice Magic
  1676 | D:4      | Reached skill level 5 in Air Magic
  1676 | D:4      | Reached skill level 5 in Earth Magic
  1676 | D:4      | Reached skill level 5 in Poison Magic
  1676 | D:4      | Reached XP level 5. HP: 27/35 MP: 0/0
  1676 | D:4      | Learned a level 2 spell: Searing Ray
  1681 | Ossuary  | Entered an ossuary
  2048 | Ossuary  | Reached XP level 6. HP: 35/40 MP: 0/0
  2544 | Ossuary  | HP: 1/40 [mummy (5)]
  2546 | Ossuary  | Mangled by a mummy

Illustrated notes

Levels and vault maps discovered:
D:1:      dpeg_arrival_lava_temple_mockup, layout_basic
D:2:      layout_basic, dk_noncrumbling_3
D:4:      layout_basic, mainiacjoe_overflow_alcove_3,
          minmay_temple_entry_slanted, portal_sewer_entry_d, enter_ossuary_5,
          minivault_19, kennysheep_generic_room_8, uniq_pikel, uniq_eustachio
Temple:   nicolae_temple_superstar
Ossuary:  ossuary_due_small_catacomb

Skill      XL: |  1  2  3  4 |
---------------+-------------+-----
Spellcasting   | 4 5 |  5.6
Conjurations   | 4 5 |  5.6
Hexes          | 4 5 |  5.6
Summonings     | 4 5 |  5.6
Necromancy     | 4 5 |  5.6
Translocations | 4 5 |  5.6
Transmutations | 4 5 |  5.6
Fire Magic     | 4 5 |  5.6
Ice Magic      | 4 5 |  5.6
Air Magic      | 4 5 |  5.6
Earth Magic    | 4 5 |  5.6
Poison Magic   | 4 5 |  5.6
Dodging        | |  2.1
Stealth        | |  1.5

Action                     |  1- 3 |  4- 6 || total
---------------------------+-------+-------++-------
  Melee: Unarmed           |     1 |       ||     1
         Hand axe          |    47 |    90 ||   137
         Punch             |       |     1 ||     1
   Cast: Freeze            |    36 |    35 ||    71
         Ozocubu's Armour  |       |     2 ||     2
         Searing Ray       |       |     2 ||     2
    Use: Potion            |       |     2 ||     2
   Stab: Sleeping          |     6 |     3 ||     9
 Armour: Robe              |    40 |    39 ||    79
  Dodge: Dodged            |    46 |    57 ||   103

Table legend: (Time is in decaauts)
 A = Elapsed time spent in this place.
 B = Non-inter-level travel time spent in this place.
 C = Inter-level travel time spent in this place.
 D = Time resting spent in this place.
 E = Time spent auto-exploring this place.
 F = Levels seen in this place.
 G = Mean time per level.
                   A        B        C        D        E       F      G
               +--------+--------+--------+--------+--------+-----+--------+
         Total |   2586 |   2560 |     26 |    712 |   1229 |   5 |  517.2 |
       Dungeon |   1663 |   1637 |     26 |    295 |   1015 |   3 |  554.3 |
        Temple |     30 |     30 |      0 |      0 |      0 |   1 |   30.0 |
       Ossuary |    891 |    891 |      0 |    417 |    214 |   1 |  891.0 |
               +--------+--------+--------+--------+--------+-----+--------+

Top non-repeatable levels by time:
     D:1: 996 daAuts
 Ossuary: 891 daAuts
     D:2: 526 daAuts
     D:4: 141 daAuts
  Temple: 30 daAuts
